 Dungeon Crawl Stone Soup version 0.31.0-12-g77e489cdc1 (webtiles) character file.

Game seed: 16919406551345461769

105 Gadfly the Insei (level 4, -1/35 HPs)
             Began as a Demonspawn Monk on Feb 12, 2024.
             Succumbed to a scorpion's poison
             ... on level 4 of the Dungeon.
             The game lasted 00:04:46 (2566 turns).

Gadfly the Insei (Demonspawn Monk)                  Turns: 2566, Time: 00:04:46

Health: -1/35      AC:  7    Str: 12 (13) XL:     4   Next: 53%
Magic:  4/4        EV: 13    Int:  9 (11) God:
Gold:   95         SH:  0    Dex: 13 (15) Spells: 3/3 levels left

rFire   . .          .
                       - Unarmed
rCold   . . .        c - orb {light}
rNeg    . . .        a - +1 robe
rPois   .            e - +0 helmet
rElec   .            (no cloak)
rCorr   .            l - +0 pair of gloves
SInv    .            (no boots)
Will    .....        (no amulet)
Stlth   +            (no ring)
HPRegen 0.25/turn    (no ring)
MPRegen 0.09/turn

%: no passive effects
@: lethally poisoned (-1 -> -16), glowing
A: hooves 1, slimy green scales 1
a: no special abilities


You were on level 4 of the Dungeon.
You visited 1 branch of the dungeon, and saw 4 of its levels.

You collected 95 gold pieces.

Inventory:

Armour
 a - a +1 robe (worn)
 c - an orb of light (worn)
 e - a +0 helmet (worn)
 l - a +0 pair of gloves (worn)
Talismans
 b - a talisman of death
Scrolls
 h - 2 scrolls of teleportation
 i - a scroll of enchant armour
Potions
 d - 2 potions of heal wounds
 g - a potion of curing
 j - a potion of lignification


   Skills:
 - Level 3.0 Fighting
 + Level 3.1 Dodging
 * Level 3.3 Unarmed Combat
 * Level 2.1 Evocations
 * Level 1.6 Shapeshifting


You had 3 spell levels left.
You didn't know any spells.
Your spell library was empty.

Dungeon Overview and Level Annotations

Branches:
Dungeon (4/15)
 Temple: D:4-7

Altars:
Gozag


Innate Abilities, Weirdness & Mutations

You have large cloven feet.
You are partially covered in slimy green scales. (AC +2)


Message History

The scorpion is heavily wounded.
The scorpion stings you.
You are poisoned.
The scorpion poisons you!
You barely miss the scorpion.
The scorpion is heavily wounded.
You feel sick. The giant cockroach misses you. The scorpion closely misses you.
You barely miss the scorpion. Your kick misses the scorpion.
The scorpion is heavily wounded.
You feel sick. The scorpion stings you.
The giant cockroach bites you but does no damage.
You barely miss the scorpion.
The scorpion is heavily wounded.
You feel sick. The giant cockroach bites you. The scorpion stings you.
You are more poisoned.
The scorpion poisons you!
You hit the scorpion.
The scorpion is heavily wounded.
You feel very sick. The giant cockroach closely misses you.
The scorpion closely misses you.
You hit the scorpion.
The scorpion is almost dead.
You hear the slow rusting of a drain nearby.
You feel very sick.
The giant cockroach completely misses you.
The scorpion stings you.
You are lethally poisoned!
The scorpion poisons you!
The giant cockroach bites you but does no damage.
The scorpion stings you.
You hit the giant cockroach.
The giant cockroach is moderately wounded.
* * * LOW HITPOINT WARNING * * *
You feel very sick. The giant cockroach barely misses you.
The scorpion barely misses you.
* * * LOW HITPOINT WARNING * * *
You feel very sick.
The giant cockroach attacks as it pursues you!
The giant cockroach barely misses you. The scorpion completely misses you.
You die...

#### ##..##
#..## #.## #.#
#.# #.# #.#
#=#### #.@.B#
#....#s)#
..<....###...#
.###..##
#....# #[.#
#...>. #.#
#.... #.. ...#
#. ...


You could see a scorpion and a giant cockroach.

Vanquished Creatures
  3 gnolls
  3 adders (D:3)
  2 dart slugs
  An orc (D:3)
  A ball python (D:2)
  4 endoplasms
  3 giant cockroaches
  3 goblins (D:1)
  2 hobgoblins
  3 quokkas
  4 bats
  3 frilled lizards
  4 kobolds
  11 rats (D:1)
47 creatures vanquished.

Notes
Turn   | Place    | Note
-------+----------+-------------------------------------------
     0 | D:1      | Gadfly the Demonspawn Monk began the quest for the Orb.
     0 | D:1      | Reached XP level 1. HP: 18/18 MP: 1/1
   134 | D:1      | Gained mutation: You have large cloven feet. [demonic
                  | ancestry]
   134 | D:1      | Reached XP level 2. HP: 24/24 MP: 2/2
   759 | D:1      | Reached skill level 1 in Evocations
   956 | D:2      | Reached skill level 1 in Shapeshifting
  1027 | D:2      | Gained mutation: You are partially covered in slimy green
                  | scales. (AC +2) [demonic ancestry]
  1027 | D:2      | Reached XP level 3. HP: 18/29 MP: 3/3
  1847 | D:3      | Reached XP level 4. HP: 35/35 MP: 4/4
  2141 | D:3      | Found an opulent altar of Gozag.
  2548 | D:4      | Noticed a scorpion
  2566 | D:4      | Succumbed to a scorpion's poison

Illustrated notes

Levels and vault maps discovered:
D:1:      lordsloth_arrival_two_stooges, layout_loops_corners,
          minmay_rat_gold_closets
D:2:      layout_loops_ring, serial_bayou_pond_b
D:3:      layout_loops_ring, general_overflow_altar
D:4:      layout_rooms, vehumet_statue, nemelex_diamond_rough_becter,
          portal_sewer_entry_f, minmay_misc_feat_alley

Skill      XL: |  1  2  3  4 |
---------------+-------------+-----
Evocations     | 1 2 |  2.1
Unarmed Combat | 3 |  3.3
Shapeshifting  | 1 |  1.6
Dodging        | 3 |  3.1
Fighting       | |  3.0

Action                     |  1- 3 |  4- 6 || total
---------------------------+-------+-------++-------
  Melee: Unarmed           |    95 |    52 ||   147
         Kick              |    17 |    20 ||    37
    Use: Scroll            |     7 |     2 ||     9
         Potion            |       |     4 ||     4
 Armour: Robe              |    39 |    43 ||    82
  Dodge: Dodged            |    51 |    51 ||   102
